 Dungeon Crawl Stone Soup version 0.32-a0-630-g46d191b0ed (webtiles) character file.

Game seed: 11948419033249827349

407 ezpacito the Trooper (level 6, -3/48 HPs)
             Began as a Coglin Chaos Knight on Mar 7, 2024.
             Was a Plaything of Xom.
             Splashed by a jelly's acid (8 damage)
             ... on level 5 of the Dungeon.
             The game lasted 00:04:40 (3511 turns).

ezpacito the Trooper (Coglin Chaos Knight)          Turns: 3511, Time: 00:04:40

Health: -3/48      AC:  0    Str: 14    XL:     6   Next: 88%
Magic:  7/7        EV: 12    Int: 11    God:    Xom [....*.]
Gold:   2          SH:  0    Dex: 14    Spells: 2/7 levels left

rFire   . . .        a - +0 hand axe (chaos) {Sanghe}
rCold   . . .        x - +3 dagger (drain) {Chakide}
rNeg    . . .        b - +2 leather armour
rPois   +            g - +0 helmet
rElec   .            (no cloak)
rCorr   .            l - +0 pair of gloves
SInv    .            p - +0 pair of boots
Will    .....        (amulet unavailable)
Stlth   ++           (ring unavailable)
HPRegen 0.28/turn    (ring unavailable)
MPRegen 0.10/turn    (no gizmo)

%: no passive effects
@: about to teleport, corroded, revved
A: off-hand wielding, slow wielding, warmup strikes, no jewellery, poison
resistance
a: Invent Gizmo, Renounce Religion


You were on level 5 of the Dungeon.
You worshipped Xom.
You were a beloved toy of Xom.
You visited 1 branch of the dungeon, and saw 5 of its levels.

You collected 190 gold pieces.
You spent 188 gold pieces at shops.

Inventory:

Hand Weapons
 a - a +0 hand axe of chaos (weapon) {Sanghe}
 c - a +1 whip of venom {Mettia}
 w - a +0 spear
 x - a +3 dagger of draining (offhand) {Chakide}
Missiles
 j - 8 boomerangs (quivered)
 u - 7 poisoned darts
Armour
 b - a +2 leather armour (worn)
 g - a +0 helmet (worn)
 l - a +0 pair of gloves (worn)
 p - a +0 pair of boots (worn)
Wands
 m - a wand of light (15)
Scrolls
 d - a scroll of enchant armour {unknown}
 f - a scroll of fog
 h - 2 scrolls of noise
 k - a scroll of immolation
Potions
 e - a potion of brilliance
 i - a potion of might {unknown}
 n - 2 potions of enlightenment
 o - a potion of haste {unknown}
 q - a potion of curing
 r - 2 potions of attraction
 v - a potion of resistance {unknown}
 z - a potion of lignification {unknown}


   Skills:
 * Level 4.1 Fighting
 * Level 4.1(4.3) Axes
 + Level 0.7(2.4) Maces & Flails
 + Level 1.4(2.8) Polearms
 * Level 3.0 Armour
 * Level 2.5 Dodging
 + Level 1.4 Stealth
 + Level 1.2 Spellcasting
 + Level 1.5 Evocations


You had 2 spell levels left.
You knew the following spells:

 Your Spells              Type           Power      Damage    Failure   Level
a - Magic Dart            Conj           0%         1d3       36%         1
b - Blink                 Tloc           0%         N/A       52%         2
c - Call Imp              Summ           0%         N/A       52%         2

Your spell library contained the following spells:

 Spells                   Type           Power      Damage    Failure   Level
 Kiss of Death            Conj/Necr      0%         2d5       36%         1
 Confusing Touch          Hex            0%         N/A       75%         3
 Fugue of the Fallen      Necr           0%         N/A       75%         3
 Ozocubu's Armour         Ice            0%         N/A       75%         3
 Dispel Undead            Necr           0%         3d6       98%         4
 Manifold Assault         Tloc           0%         N/A       98%         4


Dungeon Overview and Level Annotations

Branches:
Dungeon (5/15)
 Temple: D:4-7

Altars:
Nemelex Xobeh

Shops:
D:1 ?   D:5 !


Innate Abilities, Weirdness & Mutations

You can wield a second weapon in your off-hand.
It takes a long time for you to wield or remove held weapons.
Your first few attacks do less damage.
You cannot equip rings or amulets.
Your system is resistant to poisons. (rPois)


Message History

The gnoll hits you with a +0 flail.
You take 3 damage, and have 40/48 hp.
You closely miss the gnoll with your +0 hand axe of chaos.
You hit the jelly with your +0 hand axe of chaos.
You feel better.
Your graspers burn!
You hit the gnoll but do no damage. The jelly hits you. The acid corrodes you!
You are splashed with acid!
The gnoll barely misses you. The jelly barely misses you.
You take 11 damage, and have 29/48 hp.
MASSIVE DAMAGE!!
You closely miss the gnoll with your +3 dagger of draining.
You barely miss the gnoll with your +0 hand axe of chaos.
You hit the jelly but do no damage.
Your graspers burn!
Your attacks no longer feel as feeble.
The gnoll misses you. The jelly hits you.
You are splashed with acid.
You take 7 damage, and have 22/48 hp.
As you read the scroll of teleportation, it crumbles to dust.
You feel strangely unstable. The gnoll completely misses you.
The jelly hits you but does no damage.
You hit the jelly with your +0 hand axe of chaos.
Your graspers burn!
The jelly is severely wounded.
You hit the gnoll with your +0 hand axe of chaos.
The gnoll seems to speed up.
You hit the jelly but do no damage. You drain the jelly.
Your graspers burn!
The gnoll hits you with a +0 flail.
* * * LOW HITPOINT WARNING * * *
The jelly completely misses you.
You take 10 damage, and have 13/48 hp.
MASSIVE DAMAGE!!
You hit the jelly but do no damage.
Your graspers burn!
* * * LOW HITPOINT WARNING * * *
The jelly is severely wounded.
You hit the jelly but do no damage.
The jelly seems to speed up.
Xom thinks this is hilarious!
The acid corrodes you!
Your graspers burn!
* * * LOW HITPOINT WARNING * * *
You hit the gnoll but do no damage.
The gnoll appears confused.
The gnoll closely misses you.
The gnoll hits itself with a +0 flail.
The jelly hits you.
* * * LOW HITPOINT WARNING * * *
You are splashed with acid!
You die...
Xom cackles wildly!

### ..# #.# #.# ### #.#
#.. #.# .# .#.#
######.######...##
.#.####......§.J@g§.....
.#..(...####.######...##
.#..##### #.# .# .#..#
#.# .#.## ..# .#.# ...
...# J..# ...# #### ...#


You could see a jelly (fast, very drained) and a gnoll (fast, swift, confused).

Vanquished Creatures
  A phantom (D:5)
  A brain worm (D:2)
  A scorpion (D:4)
  A gnoll bouda (D:5)
  A jelly (D:5)
  3 gnolls (D:5)
  3 adders
  2 ufetubi (D:5)
  3 ribbon worms
  3 dart slugs
  3 orcs
  6 ball pythons
  10 endoplasms
  4 giant cockroaches
  7 goblins
  4 hobgoblins
  3 jackals (D:4)
  A kobold (D:2)
  A quokka (D:4)
  4 bats
  4 frilled lizards
  4 rats
70 creatures vanquished.

Notes
Turn   | Place    | Note
-------+----------+-------------------------------------------
     0 | D:1      | ezpacito the Coglin Chaos Knight began the quest for the
                  | Orb.
     0 | D:1      | Reached XP level 1. HP: 18/18 MP: 1/1
    85 | D:1      | Reached skill level 1 in Dodging
   118 | D:1      | XOM: divination: magic mapping
   151 | D:1      | XOM: 2-stop teleportation journey
   180 | D:1      | Reached XP level 2. HP: 24/24 MP: 2/2
   180 | D:1      | Found Vaeth's Magic Scroll Shoppe.
   218 | D:1      | Bought a scroll of identify for 20 gold pieces
   218 | D:1      | Bought a scroll of noise for 10 gold pieces
   291 | D:1      | XOM: god gift: 3 boomerangs
   531 | D:1      | XOM: draining
   675 | D:1      | XOM: torment (12/22 hp)
   812 | D:1      | XOM: silly message
   878 | D:1      | Bought a scroll of identify for 20 gold pieces
   893 | D:2      | Reached XP level 3. HP: 26/28 MP: 3/3
   927 | D:2      | a bat changed into a brain worm
   927 | D:2      | Noticed a brain worm
   927 | D:2      | XOM: polymorph bat -> brain worm
   933 | D:2      | Killed a brain worm
   934 | D:2      | Reached skill level 1 in Polearms
   934 | D:2      | Reached XP level 4. HP: 22/35 MP: 2/5
  1072 | D:2      | Reached XP level 5. HP: 41/41 MP: 6/6
  1213 | D:2      | Reached skill level 1 in Stealth
  1303 | D:2      | Found a faded altar of an unknown god.
  1414 | D:2      | XOM: summons 2 hostile demons
  1415 | D:2      | Noticed a ynoxinul
  1415 | D:2      | Noticed a chaos spawn
  1458 | D:1      | XOM: give mutation
  1458 | D:1      | Gained mutation: Your system is resistant to poisons.
                  | (rPois) [Xom's grace]
  1478 | D:1      | Bought a scroll of teleportation for 30 gold pieces
  1769 | D:3      | XOM: god gift: scroll of noise
  1839 | D:3      | XOM: cloud trail
  2359 | D:3      | Learned a level 1 spell: Magic Dart
  2362 | D:3      | Learned a level 2 spell: Blink
  2365 | D:3      | Learned a level 2 spell: Call Imp
  2630 | D:4      | XOM: 2-stop teleportation journey
  2663 | D:4      | Reached skill level 1 in Spellcasting
  2663 | D:4      | Reached skill level 1 in Evocations
  2663 | D:4      | Reached XP level 6. HP: 38/48 MP: 7/7
  2821 | D:4      | Found a sparkling altar of Nemelex Xobeh.
  3084 | D:5      | Entered Level 5 of the Dungeon
  3314 | D:5      | Found Uduus's Distillery.
  3347 | D:5      | Bought a potion of degeneration for 12 gold pieces
  3347 | D:5      | Bought a potion of curing for 36 gold pieces
  3347 | D:5      | Bought a potion of enlightenment for 60 gold pieces
  3377 | D:5      | XOM: confusion
  3380 | D:5      | XOM: fog
  3490 | D:5      | XOM: summons friendly white imp
  3500 | D:5      | XOM: fog
  3511 | D:5      | Splashed by a jelly's acid

Illustrated notes

Levels and vault maps discovered:
D:1:      lightli_iron_boxes, layout_basic, serial_shops, shop
D:2:      wander_river, layout_rooms, hellmonk_ecumenical_altar_leap_of_faith,
          serial_bayou_pond_e, chequers_serial_rivers_small_a
D:3:      layout_loops_ring, serial_bayou_pond_c
D:4:      layout_basic, mainiacjoe_overflow_small_starburst
D:5:      layout_basic, serial_shops, shop, shop

Skill      XL: |  1  2  3  4  5  6 |
---------------+-------------------+-----
Dodging        | 1 2 |  2.5
Armour         | 2 3 |  3.0
Polearms       | 1 |  1.4
Stealth        | 1 |  1.4
Spellcasting   | 1 |  1.2
Evocations     | 1 |  1.5
Fighting       | 4 |  4.1
Axes           | 4 |  4.1
Maces & Flails | |  0.7

Action                     |  1- 3 |  4- 6 || total
---------------------------+-------+-------++-------
  Melee: Hand axe          |    44 |   110 ||   154
         Dagger            |    43 |    62 ||   105
         Whip              |       |    41 ||    41
    Use: Scroll            |     1 |     7 ||     8
   Stab: Sleeping          |       |     4 ||     4
 Armour: Leather armour    |    26 |    79 ||   105
  Dodge: Dodged            |    26 |    69 ||    95

Table legend: (Time is in decaauts)
 A = Elapsed time spent in this place.
 B = Non-inter-level travel time spent in this place.
 C = Inter-level travel time spent in this place.
 D = Time resting spent in this place.
 E = Time spent auto-exploring this place.
 F = Levels seen in this place.
 G = Mean time per level.
                   A        B        C        D        E       F      G
               +--------+--------+--------+--------+--------+-----+--------+
         Total |   3550 |   3289 |    261 |    142 |   2545 |   5 |  710.0 |
       Dungeon |   3550 |   3289 |    261 |    142 |   2545 |   5 |  710.0 |
               +--------+--------+--------+--------+--------+-----+--------+

Top non-repeatable levels by time:
     D:1: 943 daAuts
     D:2: 791 daAuts
     D:3: 721 daAuts
     D:4: 666 daAuts
     D:5: 428 daAuts
